 Dungeon Crawl Stone Soup version 0.27.1-34-g3ba077fa99 (webtiles) character file.

Game seed: 14120829358095623802

200 Arum the Conjurer (level 5, 0/38 HPs)
             Began as a Draconian Conjurer on Jan 13, 2022.
             Succumbed to a water moccasin's poison
             ... on level 3 of the Dungeon.
             The game lasted 00:05:26 (2920 turns).

Arum the Conjurer (Draconian Conjurer)              Turns: 2920, Time: 00:05:27

Health: 0/38       AC:  5    Str:  9    XL:     5   Next: 48%
Magic:  2/11       EV: 12    Int: 20    God:
Gold:   139        SH:  0    Dex:  9    Spells: 8/12 levels left

rFire    . . .     SeeInvis .   g - +0 demon whip (venom)
rCold    . . .     Faith    .   (no shield)
rNeg     . . .     Spirit   .   (armour unavailable)
rPois    .         Reflect  .   (helmet restricted)
rElec    .         Harm     .   (no cloak)
rCorr    .         Rampage  .   (no gloves)
Will     .....                  (no boots)
Stlth    +.........             (no amulet)
HPRegen  0.12/turn              (no ring)
MPRegen  0.12/turn              (no ring)

@: lethally poisoned (0 -> -13), silenced
A: AC +5, unfitting armour, cold-blooded
a: no special abilities


You were on level 3 of the Dungeon.
You visited 1 branch of the dungeon, and saw 3 of its levels.

You collected 139 gold pieces.

Inventory:

Hand Weapons
 g - a +0 demon whip of venom (weapon)
Missiles
 e - 4 javelins
 f - 2 throwing nets
Scrolls
 b - a scroll of amnesia {unknown}
 c - a scroll of fog {unknown}
 d - a scroll of acquirement {unknown}
 h - a scroll of summoning {unknown}


   Skills:
 - Level 1.7 Dodging
 - Level 1.7 Stealth
 + Level 4.0 Spellcasting
 + Level 5.6 Conjurations


You had 8 spell levels left.
You knew the following spells:

 Your Spells              Type           Power      Damage    Failure   Level
a - Magic Dart            Conj           100%       1d8       1%          1
b - Dazzling Flash        Conj/Hex       30%        N/A       12%         3

Your spell library contained the following spells:

 Spells                   Type           Power      Damage    Failure   Level
 Searing Ray              Conj           52%        3d5       1%          2
 Sting                    Tmut/Pois      16%        1d3       13%         1
 Poisonous Vapours        Pois/Air       8%         N/A       19%         2
 Summon Guardian Golem    Hex/Summ       4%         N/A       36%         3
 Fulminant Prism          Conj/Hex       7%         3d7       38%         4
 Iskenderun's Mystic Bla  Conj/Tloc      15%        2d5       38%         4
 Olgreb's Toxic Radiance  Pois           4%         N/A       77%         4
 Orb of Destruction       Conj           13%        9d6       100%        7
 Spellforged Servitor     Conj/Summ      7%         N/A       100%        7


Dungeon Overview and Level Annotations

Branches:
Dungeon (3/15)

Altars:


Innate Abilities, Weirdness & Mutations

Your plain brown scales are hard. (AC +5)
You cannot fit into any form of body armour.
You are cold-blooded and may be slowed by cold attacks.


Message History

Casting: Magic Dart (safe; 1% risk of failure)
Confirm with . or Enter, or press ? or * to list all spells.
The water moccasin bites you.
Unknown command.
Casting: Dazzling Flash (dangerous; 12% risk of failure)
Confirm with . or Enter, or press ? or * to list all spells.
The water moccasin is dazzled.
The water moccasin bites you but does no damage.
You catch the helpless water moccasin completely off-guard!
You whack the water moccasin!
The water moccasin is heavily wounded.
You closely miss the water moccasin.
The water moccasin is heavily wounded.
The water moccasin bites you!
You are poisoned.
The water moccasin poisons you!
You barely miss the water moccasin. You tail-slap the water moccasin.
The water moccasin is severely wounded.
You feel very sick. The water moccasin barely misses you.
The water moccasin bites you.
You are lethally poisoned!
The water moccasin poisons you!
You miss the water moccasin.
The water moccasin is severely wounded.
You feel very sick. The water moccasin barely misses you.
* * * LOW HITPOINT WARNING * * *
You feel very sick.
The water moccasin is no longer blind.
The water moccasin barely misses you.
You aren't carrying any potions.
You miss the water moccasin.
The water moccasin is severely wounded.
* * * LOW HITPOINT WARNING * * *
You feel very sick. The water moccasin bites you.
* * * LOW HITPOINT WARNING * * *
The water moccasin closely misses you.
As you read the scroll labelled DAVASU GANLO, it crumbles to dust.
A profound silence engulfs you.
It was a scroll of silence.
You die...

.......
.......
.......######
............#
............#
#).........#
#..........#
## #S# . #@##
.#
#..#######.#


##.PPPPPPP.P #.......P.P ### ##PPP.P.P.P #.. #P.P.P.P.P #.# #P.PPP.P.P.P #.#
#P.....P...P #.# #P.P.PPPPP.P #.# You could see a water moccasin.

Vanquished Creatures
  2 orc priests (D:2)
  A bullfrog skeleton (D:3)
  Jessica (D:2)
  3 adders
  3 worms (D:2)
  A dart slug (D:2)
  An orc (D:2)
  3 ball pythons
  4 endoplasms (D:1)
  A giant cockroach (D:1)
  4 goblins
  7 hobgoblins
  2 jackals (D:1)
  2 kobolds (D:1)
  4 quokkas (D:1)
  3 bats
  3 frilled lizards
  4 rats
49 creatures vanquished.

Notes
Turn   | Place    | Note
-------+----------+-------------------------------------------
     0 | D:1      | Arum the Draconian Conjurer began the quest for the Orb.
     0 | D:1      | Reached XP level 1. HP: 14/14 MP: 3/3
   496 | D:1      | Reached XP level 2. HP: 20/20 MP: 1/5
  1345 | D:2      | Reached XP level 3. HP: 26/26 MP: 5/7
  1586 | D:2      | Learned a level 3 spell: Dazzling Flash
  1595 | D:2      | Noticed Jessica
  1597 | D:2      | Killed Jessica
  1598 | D:2      | Reached XP level 4. HP: 23/33 MP: 5/8
  1812 | D:2      | Found a faded altar of an unknown god.
  1957 | D:2      | Reached skill level 5 in Conjurations
  2241 | D:2      | Reached XP level 5. HP: 6/38 MP: 1/10
  2907 | D:3      | Noticed a water moccasin
  2920 | D:3      | Succumbed to a water moccasin's poison

Illustrated notes

Levels and vault maps discovered:
D:1:      nagdon_arrival_zigzag_paths, layout_basic, minmay_splitting_lines
D:2:      layout_rooms, dreamdust_ecumenical_altar_angels_and_demons,
          minmay_misc_feat_doors, serial_park_tiny_1, uniq_jessica
D:3:      layout_basic, serial_shops, shop, minmay_hedge_maze

Skill      XL: |  1  2  3  4  5 |
---------------+----------------+-----
Spellcasting   | 3 4 |  4.0
Conjurations   | 5 |  5.6
Dodging        | |  1.7
Stealth        | |  1.7

Action                   |  1- 3 |  4- 6 || total
-------------------------+-------+-------++-------
Melee: Unarmed           |    22 |       ||    22
       Tailslap          |     2 |     1 ||     3
       Demon whip        |       |    20 ||    20
 Cast: Magic Dart        |    55 |    61 ||   116
       Dazzling Flash    |       |     3 ||     3
  Use: Potion            |       |     1 ||     1
       Scroll            |       |     1 ||     1
 Stab: Invisible         |       |     1 ||     1
Armor: Skin              |     6 |    10 ||    16
Dodge: Dodged            |    18 |    32 ||    50
